NWL (28 & UNDER)
MENLO MANIACS @ SAN DIEGO SMASHERS
06/04/2028
 
TOP OF THE 1ST
Menlo Maniacs batting - Pitching for San Diego Smashers : RHP Craig Lewis
Pitching: RHP Craig Lewis
Batting: RHB Kyle Mann 0-0: Ball
1-0: Fly out, F7 (Flyball, 78S)
Batting: LHB Bernardo Rodríguez 0-0: Foul Ball, location: 2F
0-1: Called Strike
0-2: Ball
1-2: Foul Ball, location: 2F
1-2: SINGLE (Line Drive, 78M)
Batting: LHB Frank Young 0-0: Ball
Bernardo Rodríguez is caught stealing 2nd base
1-0: Foul Ball, location: 2F
1-1: SINGLE (Flyball, 7S)
Batting: LHB Tim Ramsey 0-0: Called Strike
0-1: Called Strike
0-2: Foul Ball, location: 2F
0-2: Strikes out swinging
Top of the 1st over - 0 run(s), 2 hit(s), 0 error(s), 1 left on base; Menlo 0 - San Diego 0
BOTTOM OF THE 1ST
San Diego Smashers batting - Pitching for Menlo Maniacs : RHP Carlos Rodríguez
Pitching: RHP Carlos Rodríguez
Batting: LHB Michael Myers 0-0: Called Strike
0-1: Ground out 1-3 (Groundball, 13S)
Batting: RHB Gustavo Torres 0-0: Called Strike
0-1: SINGLE (Groundball, 56D)
Batting: LHB Ethan Shaw 0-0: Ball
1-0: Ground out 4-3 (Groundball, 4S)
Gustavo Torres to second
Batting: RHB Fred Ameris 0-0: Ball
1-0: Ball
2-0: Ball
3-0: Base on Balls
Batting: LHB Richard Brooks 0-0: Called Strike
0-1: Swinging Strike
0-2: Foul Ball, location: 2F
0-2: Strikes out looking
Bottom of the 1st over - 0 run(s), 1 hit(s), 0 error(s), 2 left on base; Menlo 0 - San Diego 0
TOP OF THE 2ND
Menlo Maniacs batting - Pitching for San Diego Smashers : RHP Craig Lewis
Batting: RHB Jason Blair 0-0: Fly out, F8 (Flyball, 8RS)
Batting: RHB Glenn Carter 0-0: Ball
1-0: Ground out 5-3 (Groundball, 56S)
Batting: LHB Tristan Walker 0-0: Foul Ball, location: 2F
0-1: Foul Ball, location: 2F
0-2: Strikes out looking
Top of the 2nd over - 0 run(s), 0 hit(s), 0 error(s), 0 left on base; Menlo 0 - San Diego 0
BOTTOM OF THE 2ND
San Diego Smashers batting - Pitching for Menlo Maniacs : RHP Carlos Rodríguez
Batting: LHB Gonzalo Benítez 0-0: Ball
1-0: Ball
2-0: Ball
3-0: Called Strike
3-1: Foul Ball, location: 2F
3-2: Base on Balls
Batting: RHB John Nelson 0-0: Ball
1-0: Ball
2-0: Foul Ball, location: 2F
2-1: Swinging Strike
2-2: Strikes out swinging
Batting: SHB Michael Aisher 0-0: Ball
1-0: Ball
2-0: Ball
3-0: Base on Balls
Gonzalo Benítez to second
Batting: RHB José Oliveira 0-0: Ball
1-0: Called Strike
1-1: Ball
2-1: Ball
3-1: Base on Balls
Gonzalo Benítez to third
Michael Aisher to second
Batting: LHB Michael Myers 0-0: Ground out U3 (Groundball, 34S)
Gonzalo Benítez scores
Michael Aisher to third
José Oliveira to second
Batting: RHB Gustavo Torres 0-0: Ground out 5-3 (Groundball, 56S)
Bottom of the 2nd over - 1 run(s), 0 hit(s), 0 error(s), 2 left on base; Menlo 0 - San Diego 1
TOP OF THE 3RD
Menlo Maniacs batting - Pitching for San Diego Smashers : RHP Craig Lewis
Batting: LHB Ken Smith 0-0: Ball
1-0: Ball
2-0: Foul Ball, location: 2F
2-1: Swinging Strike
2-2: Ball
3-2: Strikes out looking
Batting: SHB José Vélez 0-0: Fly out, F9 (Flyball, 9S)
Batting: RHB Kyle Mann 0-0: Called Strike
0-1: Ball
1-1: Swinging Strike
1-2: Ball
2-2: Ball
3-2: SINGLE (Flyball, 8LS)
Batting: LHB Bernardo Rodríguez 0-0: Ball
1-0: Foul Ball, location: 2F
1-1: Foul Ball, location: 2F
1-2: Fielders Choice at 2nd, 5-4 (Groundball, 56)
Top of the 3rd over - 0 run(s), 1 hit(s), 0 error(s), 0 left on base; Menlo 0 - San Diego 1
BOTTOM OF THE 3RD
San Diego Smashers batting - Pitching for Menlo Maniacs : RHP Carlos Rodríguez
Batting: LHB Ethan Shaw 0-0: Ball
1-0: Called Strike
1-1: Ball
2-1: Ball
3-1: Called Strike
3-2: Foul Ball, location: 2F
3-2: Base on Balls
Batting: RHB Fred Ameris 0-0: Foul Ball, location: 2F
0-1: Ball
1-1: Called Strike
1-2: SINGLE (Line Drive, 6)
Ethan Shaw to second
Batting: LHB Richard Brooks 0-0: Ball
1-0: Swinging Strike
1-1: Foul Ball, location: 2F
1-2: Ball
2-2: Foul Ball, location: 2F
2-2: Fly out, F9 (Flyball, 89S)
Batting: LHB Gonzalo Benítez 0-0: Fielders Choice at 2nd, 4-6 (Groundball, 34)
Ethan Shaw to third
Batting: RHB John Nelson 0-0: Ball
1-0: Called Strike
1-1: Ball
2-1: SINGLE (Line Drive, 89M)
Ethan Shaw scores
Gonzalo Benítez to second
Batting: SHB Michael Aisher 0-0: Ball
1-0: Swinging Strike
1-1: Ball
2-1: Ball
3-1: Base on Balls
Gonzalo Benítez to third
John Nelson to second
Batting: RHB José Oliveira 0-0: Ball
1-0: SINGLE (Flyball, 89S)
Gonzalo Benítez scores
John Nelson to third
Michael Aisher to second
Runner from 3rd tries for Home, SAFE, no throw
Batting: LHB Michael Myers 0-0: Called Strike
0-1: Hit by Pitch
Michael Aisher to third
José Oliveira to second
Batting: RHB Gustavo Torres 0-0: Ball
1-0: Fielders Choice at 2nd, 5-4 (Groundball, 56)
Bottom of the 3rd over - 3 run(s), 3 hit(s), 0 error(s), 2 left on base; Menlo 0 - San Diego 4
TOP OF THE 4TH
Menlo Maniacs batting - Pitching for San Diego Smashers : RHP Craig Lewis
Batting: LHB Frank Young 0-0: Ground out 4-3 (Groundball, 4)
Batting: LHB Tim Ramsey 0-0: Ground out U3 (Groundball, 34)
Batting: RHB Jason Blair 0-0: Called Strike
0-1: Ball
1-1: Called Strike
1-2: Ball
2-2: Ball
3-2: Foul Ball, location: 2F
3-2: Foul Ball, location: 2F
3-2: SINGLE (Line Drive, 8RS)
Batting: RHB Glenn Carter 0-0: Called Strike
0-1: Ball
1-1: Ball
2-1: Called Strike
2-2: Fly out, F8 (Flyball, 8RM)
Top of the 4th over - 0 run(s), 1 hit(s), 0 error(s), 1 left on base; Menlo 0 - San Diego 4
BOTTOM OF THE 4TH
San Diego Smashers batting - Pitching for Menlo Maniacs : RHP Carlos Rodríguez
Batting: LHB Ethan Shaw 0-0: Ball
1-0: SINGLE (Line Drive, 8RS)
Batting: RHB Fred Ameris 0-0: Called Strike
0-1: Ball
1-1: Swinging Strike
1-2: Fly out, F9 (Flyball, 89D)
Batting: LHB Richard Brooks 0-0: Ball
1-0: Ball
2-0: Ball
3-0: Base on Balls
Ethan Shaw to second
Batting: LHB Gonzalo Benítez 0-0: SINGLE (Groundball, 34S) (infield hit)
Ethan Shaw to third
Richard Brooks to second
Batting: RHB John Nelson 0-0: Ball
1-0: Ball
2-0: Ball
3-0: Called Strike
3-1: Foul Ball, location: 2F
3-2: Base on Balls
Ethan Shaw scores
Richard Brooks to third
Gonzalo Benítez to second
Batting: SHB Michael Aisher 0-0: Ball
1-0: Fly out, F8 (Flyball, 8RM)
Runner from 3rd tags up, SCORES, no throw
Batting: RHB José Oliveira 0-0: Called Strike
0-1: Fly out, F6 (Popup, 6S)
Bottom of the 4th over - 2 run(s), 2 hit(s), 0 error(s), 2 left on base; Menlo 0 - San Diego 6
TOP OF THE 5TH
Menlo Maniacs batting - Pitching for San Diego Smashers : RHP Craig Lewis
Batting: LHB Tristan Walker 0-0: Ball
1-0: Foul Ball, location: 2F
1-1: Foul Ball, location: 2F
1-2: Foul Ball, location: 2F
1-2: Ball
2-2: Ball
3-2: Foul Ball, location: 2F
3-2: Base on Balls
Batting: LHB Ken Smith 0-0: Ball
1-0: Foul Ball, location: 2F
1-1: Ball
2-1: Called Strike
2-2: Ball
3-2: Strikes out swinging
Batting: SHB José Vélez 0-0: Called Strike
0-1: Fly out, F8 (Flyball, 89M)
Batting: RHB Kyle Mann 0-0: Ball
1-0: Swinging Strike
1-1: Foul Ball, location: 2F
1-2: Strikes out swinging
Top of the 5th over - 0 run(s), 0 hit(s), 0 error(s), 1 left on base; Menlo 0 - San Diego 6
BOTTOM OF THE 5TH
San Diego Smashers batting - Pitching for Menlo Maniacs : RHP Carlos Rodríguez
Pitching: RHP José Ramírez
Batting: LHB Michael Myers 0-0: Called Strike
0-1: Fly out, F8 (Line Drive, 8LM)
Batting: RHB Gustavo Torres 0-0: Called Strike
0-1: Fly out, F9 (Line Drive, 9S)
Batting: LHB Ethan Shaw 0-0: Swinging Strike
0-1: Ball
1-1: Ball
2-1: Foul Ball, location: 2F
2-2: Foul Ball, location: 2F
2-2: Strikes out swinging
Bottom of the 5th over - 0 run(s), 0 hit(s), 0 error(s), 0 left on base; Menlo 0 - San Diego 6
TOP OF THE 6TH
Menlo Maniacs batting - Pitching for San Diego Smashers : RHP Craig Lewis
Batting: LHB Bernardo Rodríguez 0-0: Ground out 4-3 (Groundball, 4MS)
Batting: LHB Frank Young 0-0: Foul Ball, location: 2F
0-1: Foul Ball, location: 2F
0-2: Foul Ball, location: 2F
0-2: Ball
1-2: Strikes out looking
Batting: LHB Tim Ramsey 0-0: Called Strike
0-1: SINGLE (Groundball, 3L) (infield hit)
Batting: RHB Jason Blair 0-0: Called Strike
Tim Ramsey steals 2nd base
0-1: Called Strike
0-2: Strikes out looking
Top of the 6th over - 0 run(s), 1 hit(s), 0 error(s), 1 left on base; Menlo 0 - San Diego 6
BOTTOM OF THE 6TH
San Diego Smashers batting - Pitching for Menlo Maniacs : RHP José Ramírez
Batting: RHB Fred Ameris 0-0: SINGLE (Line Drive, 9S)
Batting: LHB Richard Brooks 0-0: Ball
1-0: Ball
2-0: Foul Ball, location: 2F
2-1: Ball
3-1: Base on Balls
Fred Ameris to second
Batting: LHB Gonzalo Benítez 0-0: Called Strike
0-1: Ball
1-1: Foul Ball, location: 2F
1-2: Strikes out swinging
Batting: RHB John Nelson 0-0: Called Strike
0-1: Fly out, F9 (Line Drive, 9)
Batting: SHB Michael Aisher 0-0: Ball
1-0: Ball
2-0: Ball
3-0: Foul Ball, location: 2F
3-1: Base on Balls
Fred Ameris to third
Richard Brooks to second
Batting: RHB José Oliveira 0-0: Called Strike
0-1: Foul Ball, location: 2F
0-2: Ball
1-2: Strikes out looking
Bottom of the 6th over - 0 run(s), 1 hit(s), 0 error(s), 3 left on base; Menlo 0 - San Diego 6
TOP OF THE 7TH
Menlo Maniacs batting - Pitching for San Diego Smashers : RHP Craig Lewis
Batting: RHB Glenn Carter 0-0: Foul Ball, location: 2F
0-1: Ball
1-1: Called Strike
1-2: Foul Ball, location: 2F
1-2: Ball
2-2: Strikes out swinging
Batting: LHB Tristan Walker 0-0: Ground out 6-3 (Groundball, 6)
Batting: LHB Ken Smith 0-0: Ball
1-0: Foul Ball, location: 2F
1-1: Foul Ball, location: 2F
1-2: Foul Ball, location: 2F
1-2: Strikes out swinging
Top of the 7th over - 0 run(s), 0 hit(s), 0 error(s), 0 left on base; Menlo 0 - San Diego 6
BOTTOM OF THE 7TH
San Diego Smashers batting - Pitching for Menlo Maniacs : RHP José Ramírez
Pitching: LHP Joe Jenkins
Batting: LHB Michael Myers 0-0: Ball
1-0: Called Strike
1-1: Foul Ball, location: 2F
1-2: Ball
2-2: Foul Ball, location: 2F
2-2: SINGLE (Line Drive, 56)
Batting: RHB Gustavo Torres 0-0: Called Strike
0-1: Ball
1-1: SINGLE (Line Drive, 3)
Michael Myers to second
Batting: LHB Ethan Shaw 0-0: Swinging Strike
0-1: Called Strike
0-2: Ball
1-2: Ball
2-2: Strikes out looking
Batting: RHB Fred Ameris 0-0: Ball
1-0: Fly out, F8 (Flyball, 78D)
Batting: LHB Richard Brooks 0-0: Called Strike
0-1: Foul Ball, location: 2F
0-2: Fly out, F8 (Flyball, 8LD)
Bottom of the 7th over - 0 run(s), 2 hit(s), 0 error(s), 2 left on base; Menlo 0 - San Diego 6
TOP OF THE 8TH
Menlo Maniacs batting - Pitching for San Diego Smashers : RHP Craig Lewis
Pitching: RHP Rick Hernández
Batting: SHB José Vélez 0-0: Ground out 1-3 (Groundball, P)
Batting: RHB Kyle Mann 0-0: Ball
1-0: Ground out 5-3 (Groundball, 56S)
Batting: LHB Bernardo Rodríguez 0-0: Called Strike
0-1: Swinging Strike
0-2: Ball
1-2: Strikes out swinging
Top of the 8th over - 0 run(s), 0 hit(s), 0 error(s), 0 left on base; Menlo 0 - San Diego 6
BOTTOM OF THE 8TH
San Diego Smashers batting - Pitching for Menlo Maniacs : LHP Joe Jenkins
Batting: LHB Gonzalo Benítez 0-0: Ball
1-0: Called Strike
1-1: SINGLE (Groundball, 25) (infield hit)
Batting: RHB John Nelson 0-0: Ball
1-0: Swinging Strike
1-1: Ball
Wild Pitch!
Gonzalo Benítez to second
2-1: Ball
3-1: Ground out 6-3 (Groundball, 56)
Batting: SHB Michael Aisher 0-0: Called Strike
0-1: Swinging Strike
0-2: Ball
Wild Pitch!
Gonzalo Benítez to third
1-2: Strikes out swinging
Batting: RHB José Oliveira 0-0: Ball
1-0: Ball
2-0: Ground out 6-3 (Groundball, 56)
Bottom of the 8th over - 0 run(s), 1 hit(s), 0 error(s), 1 left on base; Menlo 0 - San Diego 6
TOP OF THE 9TH
Menlo Maniacs batting - Pitching for San Diego Smashers : RHP Rick Hernández
Now at SS: Walt Rodgers
Batting: LHB Frank Young 0-0: Called Strike
0-1: Swinging Strike
0-2: Ball
1-2: Ball
2-2: Strikes out swinging
Batting: LHB Tim Ramsey 0-0: Called Strike
0-1: Ball
1-1: Foul Ball, location: 2F
1-2: Fly out, F8 (Flyball, 8RM)
Batting: RHB Jason Blair 0-0: Called Strike
0-1: Ball
1-1: SINGLE (Groundball, 34D)
Batting: RHB Glenn Carter 0-0: Ball
1-0: Called Strike
1-1: Ball
2-1: Foul Ball, location: 2F
2-2: Ball
3-2: Foul Ball, location: 2F
3-2: Strikes out swinging
Top of the 9th over - 0 run(s), 1 hit(s), 0 error(s), 1 left on base; Menlo 0 - San Diego 6
Tuesday, August 8th, 2017 - OOTP Baseball 17.12 Build 75